 Dungeon Crawl Stone Soup version 0.27.1-3-gb3d3a73c9e (webtiles) character file.

Game seed: 3384271528793014451

311 MisterFreud the Stinger (level 6, 0/44 HPs)
             Began as a Gnoll Venom Mage on Oct 30, 2021.
             Was a Believer of Nemelex Xobeh.
             Slain by an orc (10 damage)
             ... on level 4 of the Dungeon.
             The game lasted 00:05:32 (3539 turns).

MisterFreud the Stinger (Gnoll Venom Mage)          Turns: 3539, Time: 00:05:32

Health: 0/44       AC:  3    Str:  7    XL:     6   Next: 42%
Magic:  13/14      EV: 13    Int: 16    God:    Nemelex Xobeh [**....]
Gold:   108        SH:  0    Dex: 13    Spells: 8/15 levels left

rFire    . . .     SeeInvis .   c - +1 dagger (venom)
rCold    . . .     Faith    .   (no shield)
rNeg     . . .     Spirit   .   p - +0 robe {Will+}
rPois    .         Reflect  .   j - +0 helmet
rElec    .         Harm     .   (no cloak)
rCorr    .         Rampage  .   (no gloves)
Will     +....                  (no boots)
Stlth    +++.......             (no amulet)
HPRegen  0.14/turn              (no ring)
MPRegen  0.14/turn              (no ring)

@: no status effects
A: fangs 1, strong nose, distributed training
a: Renounce Religion, Draw Escape, Draw Destruction, Draw Summoning


You were on level 4 of the Dungeon.
You worshipped Nemelex Xobeh.
Nemelex Xobeh was pleased with you.
You visited 1 branch of the dungeon, and saw 4 of its levels.

You collected 108 gold pieces.

Inventory:

Hand Weapons
 a - a +0 vampiric hand axe
 b - a +0 club
 c - a +1 dagger of venom (weapon)
 e - a +3 trident
 h - a +2 dagger of protection
Armour
 j - a +0 helmet (worn)
 o - a +0 kite shield
 p - a +0 robe of willpower (worn)
Scrolls
 f - 2 scrolls of identify {unknown}
 g - 4 scrolls of enchant armour {unknown}
 m - a scroll of teleportation {unknown}
 q - a scroll of noise {unknown}
Potions
 d - a potion of might {unknown}
 i - 2 potions of curing {unknown}
 k - a potion of lignification {unknown}
 l - a potion of haste {unknown}
 n - 2 potions of brilliance {unknown}


   Skills:
 + Level 2.0 Fighting
 + Level 2.0 Short Blades
 + Level 2.0 Long Blades
 + Level 2.0 Axes
 + Level 2.0 Maces & Flails
 + Level 2.0 Polearms
 + Level 2.0 Staves
 + Level 2.0 Slings
 + Level 2.0 Bows
 + Level 2.0 Crossbows
 + Level 2.0 Throwing
 + Level 2.0 Armour
 + Level 5.0 Dodging
 + Level 4.6 Stealth
 + Level 2.0 Shields
 + Level 2.0 Unarmed Combat
 + Level 5.3 Spellcasting
 + Level 1.5 Conjurations
 + Level 1.5 Hexes
 + Level 1.5 Summonings
 + Level 1.5 Necromancy
 + Level 1.5 Translocations
 + Level 2.6 Transmutations
 + Level 1.5 Fire Magic
 + Level 1.5 Ice Magic
 + Level 1.5 Air Magic
 + Level 1.5 Earth Magic
 + Level 5.6 Poison Magic
 + Level 2.1 Invocations
 + Level 2.0 Evocations


You had 8 spell levels left.
You knew the following spells:

 Your Spells              Type           Power      Damage    Failure   Level
a - Sting                 Tmut/Pois      68%        1d6       2%          1
b - Ensorcelled Hibernat  Hex/Ice        18%        N/A       12%         2
c - Olgreb's Toxic Radia  Pois           22%        N/A       14%         4

Your spell library contained the following spells:

 Spells                   Type           Power      Damage    Failure   Level
 Poisonous Vapours        Pois/Air       30%        N/A       4%          2
 Animate Skeleton         Necr           18%        N/A       8%          1
 Pain                     Necr           36%        1d5       8%          1
 Spider Form              Tmut/Pois      8%         N/A       8%          3
 Mephitic Cloud           Conj/Pois/Air  13%        N/A       13%         3
 Vampiric Draining        Necr           4%         2d6       24%         3
 Shadow Creatures         Summ           N/A        N/A       100%        6


Dungeon Overview and Level Annotations

Branches:
Dungeon (4/15)
 Temple: D:4-7

Altars:
Elyvilon
Nemelex Xobeh
Okawaru
Vehumet


Innate Abilities, Weirdness & Mutations

You have very sharp teeth.
Your uncanny sense of smell can sniff out nearby items.
Your experience applies equally to all skills.


Message History

You destroy the adder skeleton!
The hound closely misses you. The orc hits you with a +0 war axe.
The hound bites you but does no damage. The hound closely misses you.
Your +2 dagger of protection goes still.
Your +1 dagger of venom begins to drip with poison!
c - a +1 dagger of venom (weapon)
You completely miss the hound. Your bite misses the hound.
The hound closely misses you. The orc misses you. The hound bites you.
You closely miss the hound. Your bite misses the hound.
The orc closely misses you. The hound bites you but does no damage.
You hit the hound.
The hound is lightly wounded.
The hound bites you but does no damage. The orc closely misses you.
You closely miss the hound.
The hound is lightly wounded.
The hound bites you but does no damage. The orc hits you with a +0 war axe.
The hound bites you but does no damage.
You closely miss the hound.
The hound is lightly wounded.
The hound bites you. The orc hits you but does no damage.
You closely miss the hound.
The hound is lightly wounded.
The hound closely misses you. The orc hits you with a +0 war axe.
The hound closely misses you.
You closely miss the hound.
The hound is lightly wounded.
The hound bites you. The orc barely misses you.
Casting: Sting (safe; 2% risk of failure)
Confirm with . or Enter, or press ? or * to list all spells.
Aiming: Sting (safe; 2% risk of failure)
Press: ? - help, Shift-Dir - straight line, f - hound
Aim: a hound (lightly wounded, 64% to hit)
The sting hits the hound.
The hound is poisoned.
The hound is heavily wounded.
The hound bites you.
* * * LOW HITPOINT WARNING * * *
The orc hits you with a +0 war axe!
You die...
Your body disappears without a glow.

##### #..@# #>oh#
##...#
#...<########
#.............
.................
......#..........
......#..........
......#.#........


You could see a hound (poisoned) and an orc.

Vanquished Creatures
  Sigmund (D:3)
  An iguana (D:3)
  3 adders
  An adder skeleton (D:4)
  2 worms (D:2)
  4 dart slugs
  An orc (D:3)
  5 bats
  5 endoplasms
  4 giant cockroaches
  7 goblins
  12 hobgoblins
  7 jackals
  3 kobolds
  3 quokkas
  5 ball pythons
  4 rats
68 creatures vanquished.

Vanquished Creatures (others)
  A withered plant (D:1)
1 creature vanquished.

Grand Total: 69 creatures vanquished

Notes
Turn   | Place    | Note
-------+----------+-------------------------------------------
     0 | D:1      | MisterFreud the Gnoll Venom Mage began the quest for the
                  | Orb.
     0 | D:1      | Reached XP level 1. HP: 13/13 MP: 6/6
   125 | D:1      | Reached XP level 2. HP: 19/19 MP: 3/7
   620 | D:1      | Reached XP level 3. HP: 25/25 MP: 9/9
   844 | D:1      | Reached skill level 5 in Spellcasting
   858 | D:1      | Found a faded altar of an unknown god.
   866 | D:1      | Became a worshipper of Nemelex Xobeh the Trickster
   866 | D:1      | Reached * piety under Nemelex Xobeh
  1144 | D:2      | Reached skill level 1 in Invocations
  1713 | D:2      | Reached skill level 1 in Fighting
  1713 | D:2      | Reached skill level 1 in Short Blades
  1713 | D:2      | Reached skill level 1 in Long Blades
  1713 | D:2      | Reached skill level 1 in Axes
  1713 | D:2      | Reached skill level 1 in Maces & Flails
  1713 | D:2      | Reached skill level 1 in Polearms
  1713 | D:2      | Reached skill level 1 in Staves
  1713 | D:2      | Reached skill level 1 in Slings
  1713 | D:2      | Reached skill level 1 in Bows
  1713 | D:2      | Reached skill level 1 in Crossbows
  1713 | D:2      | Reached skill level 1 in Throwing
  1713 | D:2      | Reached skill level 1 in Armour
  1713 | D:2      | Reached skill level 1 in Shields
  1713 | D:2      | Reached skill level 1 in Unarmed Combat
  1713 | D:2      | Reached skill level 1 in Evocations
  1841 | D:2      | Reached XP level 4. HP: 31/32 MP: 8/11
  2120 | D:2      | Received a gift from Nemelex Xobeh
  2325 | D:3      | Learned a level 2 spell: Ensorcelled Hibernation
  2330 | D:3      | Learned a level 4 spell: Olgreb's Toxic Radiance
  2374 | D:3      | Found a white marble altar of Elyvilon.
  2384 | D:3      | Reached skill level 1 in Conjurations
  2384 | D:3      | Reached skill level 1 in Hexes
  2384 | D:3      | Reached skill level 1 in Summonings
  2384 | D:3      | Reached skill level 1 in Necromancy
  2384 | D:3      | Reached skill level 1 in Translocations
  2384 | D:3      | Reached skill level 1 in Fire Magic
  2384 | D:3      | Reached skill level 1 in Ice Magic
  2384 | D:3      | Reached skill level 1 in Air Magic
  2384 | D:3      | Reached skill level 1 in Earth Magic
  2548 | D:3      | Noticed Sigmund
  2561 | D:3      | Killed Sigmund
  2562 | D:3      | Reached XP level 5. HP: 10/38 MP: 12/12
  2562 | D:3      | Reached XP level 6. HP: 11/44 MP: 14/14
  2856 | D:3      | Found a sparkling altar of Nemelex Xobeh.
  2856 | D:3      | Found a radiant altar of Vehumet.
  2856 | D:3      | Found an iron altar of Okawaru.
  2914 | D:3      | Reached ** piety under Nemelex Xobeh
  3400 | D:3      | Reached skill level 5 in Dodging
  3539 | D:4      | Slain by an orc

Illustrated notes

Levels and vault maps discovered:
D:1:      heliophobic_arrival_glass_houses, layout_loops_cross,
          ebering_ecumenical_altar_petrified
D:2:      layout_loops_ring
D:3:      layout_basic, gammafunk_temple_overflow_claw,
          nicolae_elyvilon_peaceful_grove, kennysheep_generic_room_13,
          uniq_sigmund
D:4:      layout_rooms, serial_undead, serial_undead_a, serial_undead_e,
          serial_undead_b, serial_undead_d, serial_undead_b, serial_undead_e,
          serial_undead_e, serial_undead_d

Skill      XL: |  1  2  3  4  5  6 |
---------------+-------------------+-----
Transmutations | 2 |  2.6
Spellcasting   | 5 |  5.3
Invocations    | 1 2 |  2.1
Fighting       | 1 2 |  2.0
Short Blades   | 1 2 |  2.0
Long Blades    | 1 2 |  2.0
Axes           | 1 2 |  2.0
Maces & Flails | 1 2 |  2.0
Polearms       | 1 2 |  2.0
Staves         | 1 2 |  2.0
Slings         | 1 2 |  2.0
Bows           | 1 2 |  2.0
Crossbows      | 1 2 |  2.0
Throwing       | 1 2 |  2.0
Armour         | 1 2 |  2.0
Shields        | 1 2 |  2.0
Unarmed Combat | 1 2 |  2.0
Evocations     | 1 2 |  2.0
Conjurations   | 1 |  1.5
Hexes          | 1 |  1.5
Summonings     | 1 |  1.5
Necromancy     | 1 |  1.5
Translocations | 1 |  1.5
Fire Magic     | 1 |  1.5
Ice Magic      | 1 |  1.5
Air Magic      | 1 |  1.5
Earth Magic    | 1 |  1.5
Dodging        | 5 |  5.0
Stealth        | |  4.6
Poison Magic   | |  5.6

Action                   |  1- 3 |  4- 6 || total
-------------------------+-------+-------++-------
Melee: Unarmed           |     2 |       ||     2
       Club              |     1 |       ||     1
       Dagger            |    39 |    69 ||   108
       Bite              |     1 |       ||     1
       Punch             |       |     1 ||     1
 Cast: Sting             |    44 |    21 ||    65
 Stab: Sleeping          |     9 |     5 ||    14
Armor: Robe              |     7 |    14 ||    21
Dodge: Dodged            |    41 |    66 ||   107
